 Dungeon Crawl Stone Soup version 0.26-b1-32-g5d43845318 (webtiles) character file.

Game seed: 15975421496659786685

35 Arum the Shield-Bearer (level 3, -5/45 HPs)
             Began as a Formicid Fighter on Jan 9, 2021.
             Slain by a centaur (6 damage)
             ... on level 2 of the Dungeon.
             The game lasted 00:01:10 (1073 turns).

Arum the Shield-Bearer (Formicid Fighter)           Turns: 1073, Time: 00:01:10

Health: -5/45      AC: 21    Str: 20    XL:     3   Next: 55%
Magic:  3/3        EV:  2    Int:  7    God:
Gold:   83         SH:  9    Dex: 11    Spells: 2/2 levels left

rFire    . . .     SeeInvis .   a - +0 quarterstaff
rCold    . . .     Faith    .   c - +0 kite shield
rNeg     + + +     Spirit   .   (armour currently unavailable)
rPois    +         Reflect  .   (helmet unavailable)
rElec    .         Harm     .   (cloak currently unavailable)
rCorr    .         Rampage  .   (gloves currently unavailable)
Will     .....                  (boots currently unavailable)
Stlth    +.........             (no amulet)
HPRegen  0.15/turn              (no ring)
MPRegen  0.08/turn              (no ring)

@: tree-form
A: permanent stasis, dig shafts and tunnels, four strong arms
a: no special abilities


You were on level 2 of the Dungeon.
You were a tree.
You visited 1 branch of the dungeon, and saw 2 of its levels.

You collected 83 gold pieces.

Inventory:

Hand Weapons
 a - a +0 quarterstaff (weapon)
Armour
 b - a +0 scale mail (melded)
 c - a +0 kite shield (worn)
 g - a +0 pair of gloves (melded)
Scrolls
 e - a scroll of remove curse {unknown}
 i - a scroll of enchant armour {unknown}
 k - a scroll of teleportation {unknown}
 l - a scroll of identify {unknown}
Potions
 d - a potion of might
 h - a potion of curing {unknown}
 j - a potion of attraction {unknown}


   Skills:
 + Level 3.7 Fighting
 + Level 2.4 Staves
 + Level 3.7 Armour
 + Level 4.1 Shields


You had 2 spell levels left.
You didn't know any spells.
Your spell library was empty.

Dungeon Overview and Level Annotations

Branches:
Dungeon (2/15)

Altars:
Xom


Innate Abilities, Weirdness & Mutations

You cannot be hasted, slowed, berserked, paralysed or teleported.
You can dig through walls and to a lower floor.
Your four strong arms can wield two-handed weapons with a shield.
((You have a pair of large antennae on your head. (SInv)))


Message History

Your +0 pair of gloves melds into your body.
Your +0 scale mail melds into your body.
Your roots penetrate the ground.
The centaur hits you but does no damage. x2
Unknown command.
Unknown command.
Unknown command.
You hit the centaur but do no damage. You block the centaur's attack. x2
You thump the centaur!
The centaur is heavily wounded.
The centaur hits you.
* * * LOW HITPOINT WARNING * * *
The centaur hits you but does no damage.
You sock the centaur!
The centaur is almost dead.
You block the centaur's attack.
You hit the centaur but do no damage.
The centaur is almost dead.
The centaur hits you.
You die...

###.# ....#. ....#.
....#.#### ....... #
#.#...# #.#.# #.# #
#####.#(###♣#..#
........(lc>...# ..
#####.#.######.#
^^^.# #.#...# .#
._..# ##.###.# #
^^^.. ....#.#
....######.#.#.#
....#......#.#'####..
...................#


You could see a centaur and a frilled lizard.

Vanquished Creatures
  An ooze (D:2)
  2 dart slugs (D:1)
  A ball python (D:1)
  4 bats
  A giant cockroach (D:1)
  3 goblins
  5 hobgoblins
  3 frilled lizards (D:1)
  4 kobolds (D:1)
  3 rats (D:1)
27 creatures vanquished.

Notes
Turn   | Place    | Note
-------+----------+-------------------------------------------
     0 | D:1      | Arum the Formicid Fighter began the quest for the Orb.
     0 | D:1      | Reached XP level 1. HP: 18/18 MP: 1/1
   100 | D:1      | Reached XP level 2. HP: 24/24 MP: 2/2
   541 | D:1      | Reached XP level 3. HP: 29/29 MP: 3/3
   546 | D:1      | Reached skill level 4 in Shields
   927 | D:2      | Found a shimmering altar of Xom.
  1059 | D:2      | Noticed a centaur
  1071 | D:2      | HP: 1/45 [centaur (6)]
  1073 | D:2      | Slain by a centaur

Illustrated notes

Levels and vault maps discovered:
D:1:      tarquinn_simple_flora_water_e, layout_loops_ring
D:2:      layout_basic, marbit_many_paths, xom_teletrap_fun,
          nicolae_tso_swordbearing_angel

Skill      XL: |  1  2  3 |
---------------+----------+-----
Shields        | 4 |  4.1
Fighting       | |  3.7
Staves         | |  2.4
Armour         | |  3.7

Action                   || total
-------------------------++-------
Melee: Quarterstaff      ||    91
 Abil: Dig               ||     1
  Use: Potion            ||     1
Armor: Scale mail        ||    40
       Skin              ||     3
Dodge: Dodged            ||    21
Block: Kite shield       ||    44
